 Dungeon Crawl Stone Soup version 0.24.0-123-gd5b16e6ec5 (webtiles) character file.

Game seed: 15282855578201450818, levelgen mode: deterministic

7324 Bergy the Bludgeoner (level 11, -5/60 HPs)
             Began as a Gargoyle Fighter on Jan 2, 2020.
             Was an Elder of Nemelex Xobeh.
             Slain by a bog body (17 damage)
             ... on level 2 of the Lair of Beasts.
             The game lasted 00:27:55 (9360 turns).

Bergy the Bludgeoner (Gargoyle Fighter)             Turns: 9360, Time: 00:27:55

Health: -5/60      AC: 13    Str: 26    XL:     11   Next: 13%
Magic:  0/11       EV:  8    Int:  9    God:    Nemelex Xobeh [****..]
Gold:   667        SH: 10    Dex: 13    Spells: 10/10 levels left

rFire    + . .     SeeInvis .   w - +1 flail (drain)
rCold    + + .     Gourm    +   c - +0 shield
rNeg     + . .     Faith    .   k - +2 leather armour of Mumblety Peg {rC+ rCorr Str+3}
rPois    ∞         Spirit   +   (no helmet)
rElec    +         Reflect  .   F - scarf {Spirit}
rCorr    +         Harm     .   (no gloves)
MR       .....                  (no boots)
Stlth    +.........             v - amulet of the gourmand
HPRegen  0.20/turn              J - ring "Ylitride" {rF+ Dex+4 Slay+3}
MPRegen  0.12/turn              E - ring of protection from cold

@: slowed, very slow
A: negative energy resistance 1, electricity resistance, unbreathing,
petrification resistance, rot immunity, AC +8
a: Draw Escape, Draw Destruction, Draw Summoning, Triple Draw, Deal Four,
Renounce Religion


You were on level 2 of the Lair of Beasts.
You worshipped Nemelex Xobeh.
Nemelex Xobeh was greatly pleased with you.
You were completely stuffed.

You visited 2 branches of the dungeon, and saw 11 of its levels.
You also visited: Sewer and Ossuary.

You collected 667 gold pieces.

Inventory:

Hand Weapons
 w - a +1 flail of draining (weapon)
 H - a +0 morningstar of protection
 I - a +0 mace of holy wrath
Armour
 c - a +0 shield (worn)
 k - the +2 leather armour of Mumblety Peg (worn) {rC+ rCorr Str+3}
   (You found it on level 4 of the Dungeon)

   It affects your strength (+3).
   It protects you from cold.
   It provides partial protection from all sources of acid and corrosion.
 F - a scarf of spirit shield (worn)
Jewellery
 v - an amulet of the gourmand (around neck)
 E - a ring of protection from cold (right hand)
 J - the ring "Ylitride" (left hand) {rF+ Dex+4 Slay+3}
   (You found it on level 7 of the Dungeon)

   [ring of protection from fire]

   It affects your dexterity (+4).
   It affects your accuracy and damage with ranged weapons and melee attacks
   (+3).
   It protects you from fire.
Wands
 a - a wand of clouds (9)
 b - a wand of flame (16)
 A - a wand of disintegration (7)
 B - a wand of polymorph (21)
 G - a wand of iceblast (4)
Scrolls
 d - 3 scrolls of remove curse
 g - 3 scrolls of fog
 n - 6 scrolls of blinking
 o - 8 scrolls of teleportation
 p - 5 scrolls of enchant weapon
 q - 5 scrolls of magic mapping
 t - 4 scrolls of enchant armour
 y - 2 scrolls of fear
Potions
 e - a potion of might
 i - a potion of flight
 l - a potion of degeneration {unknown}
 m - 2 potions of lignification
 s - a potion of ambrosia {unknown}
 u - 2 potions of invisibility
 x - 2 potions of haste
 z - 6 potions of curing
 C - a potion of resistance
 K - 3 potions of mutation
 M - a potion of magic {unknown}
Comestibles
 f - 27 rations


   Skills:
 - Level 3.2 Fighting
 * Level 15.9 Maces & Flails
 - Level 3.2 Armour
 - Level 3.2 Shields


You had 10 spell levels left.
You didn't know any spells.
Your spell library was empty.

Dungeon Overview and Level Annotations

Branches:
Dungeon (9/15)             Temple (0/1) D:7            Lair (2/6) D:8
  Swamp (0/4) Lair:2        Sewer (visited)         Ossuary (visited)
  Snake: Lair:2-4    Spider: Lair:2-4       Orc: D:9-12

Altars:
Nemelex Xobeh
Ru
Trog
Uskayaw
Vehumet

Shops:
D:8 }%[


Innate Abilities, Weirdness & Mutations

You are resistant to torment.
Your stone body is resilient. (AC +8)
You are immune to poison.
You resist negative energy. (rN+)
You are resistant to electric shocks. (rElec)
You can survive without breathing.
You are immune to petrification.
You are immune to rotting.


Message History

The bolt of cold hits you. You resist.
You draw a card...
You have drawn Velocity.
The bog body seems to slow down.
You block the bog body's attack. x2
The bog body points at you and mumbles some strange words.
The bolt of cold hits you. You resist.
* * * LOW HITPOINT WARNING * * *
The bog body points at you and mumbles some strange words.
The bolt of cold hits you but does no damage.
You resist.
You feel better. The bog body hits you!
* * * LOW HITPOINT WARNING * * *
You block the bog body's attack. The bog body casts a spell at you.
The bolt of cold hits you. You resist.
* * * LOW HITPOINT WARNING * * *
You feel better. The bog body hits you!
* * * LOW HITPOINT WARNING * * *
The bog body closely misses you. The bog body hits you!!
You die...
Your body glows slightly and disappears.

...............(....##.#.#.###...
.#..................# ##...###...
#.##...>.##...#.....##...........
..#......##.........#.. ....#..<
...#..........##.....# ....P...
..#.......P.........## ........
..#P......#....P.....## #####...
.#.P.......##.#......P## P#.#....
.........#..####@....... ........
...............nn....... ....>...
........................ ........
........................ ........
......§..≈≈§§........### #####...
##.....§§≈§§♣....!..## #####...
##....§♣♣§§♣.#....(# ....+...
.....≈§§ ≈.......# ....P...
........


You could see 2 bog bodies.

Vanquished Creatures
  A black mamba (Lair:2)
  5 spiny frogs
  3 komodo dragons (Lair:2)
  Sigmund (D:2)
  A basilisk (Lair:1)
  2 water moccasins (Lair:1)
  A porcupine (Lair:1)
  An ice beast (D:9)
  A black bear (D:8)
  A necrophage (D:8)
  5 ogres
  4 centaurs
  5 crocodiles
  2 big kobolds
  2 bullfrogs
  6 scorpions
  A water moccasin skeleton (D:7)
  4 wights (D:7)
  2 bullfrog zombies (D:5)
  A jelly (D:7)
  A bullfrog skeleton (D:8)
  2 hounds
  An orc wizard (D:5)
  3 iguanas
  5 worker ants
  A hound zombie (D:7)
  A hound skeleton (D:4)
  9 mummies
  Robin (D:2)
  14 adders
  3 worms (D:2)
  5 leopard geckos
  16 orcs
  9 bats
  5 giant cockroaches
  A gnoll zombie (Ossuary)
  18 goblins
  6 hobgoblins
  2 jackals (D:1)
  9 kobolds
  6 quokkas
  6 ball pythons
  8 frilled lizards
  2 hobgoblin zombies
  4 kobold zombies
  3 orc zombies (Ossuary)
  A quokka skeleton (D:4)
  A quokka zombie (D:5)
  10 rats
202 creatures vanquished.

Vanquished Creatures (collateral kills)
  Gastronok (Lair:2)
  Purgy (D:3)
2 creatures vanquished.

Vanquished Creatures (others)
  A spriggan (D:7)
1 creature vanquished.

Grand Total: 205 creatures vanquished

Notes
Turn   | Place    | Note
-------+----------+-------------------------------------------
     0 | D:1      | Bergy the Gargoyle Fighter began the quest for the Orb.
     0 | D:1      | Reached XP level 1. HP: 14/14 MP: 1/1
    93 | D:1      | Reached XP level 2. HP: 13/19 MP: 2/2
   196 | D:1      | Reached skill level 3 in Maces & Flails
   723 | D:2      | Reached XP level 3. HP: 18/23 MP: 3/3
  1106 | D:2      | Noticed Robin
  1118 | D:2      | Killed Robin
  1118 | D:2      | Reached skill level 4 in Maces & Flails
  1128 | D:2      | Reached XP level 4. HP: 28/28 MP: 4/4
  1382 | D:2      | Noticed Sigmund
  1388 | D:2      | Killed Sigmund
  1388 | D:2      | Reached skill level 6 in Maces & Flails
  1388 | D:2      | Reached XP level 5. HP: 14/32 MP: 5/5
  1388 | D:2      | Reached XP level 6. HP: 16/37 MP: 6/6
  1602 | D:2      | Found a hide-covered altar of Uskayaw.
  1921 | D:3      | Found a sparkling altar of Nemelex Xobeh.
  1922 | D:3      | Found a bloodstained altar of Trog.
  1923 | D:3      | Found a sacrificial altar of Ru.
  1972 | D:3      | Became a worshipper of Nemelex Xobeh the Trickster
  2006 | D:3      | Received a gift from Nemelex Xobeh
  2136 | D:3      | Noticed Purgy
  2162 | D:3      | Killed Purgy
  2745 | D:3      | Reached skill level 7 in Maces & Flails
  2745 | D:3      | Reached XP level 7. HP: 19/41 MP: 7/7
  3019 | D:4      | Got an ancient leather armour
  3030 | D:4      | Identified the +2 leather armour of Mumblety Peg {rC+ rCorr
                  | Str+3} (You found it on level 4 of the Dungeon)
  3497 | D:4      | Reached skill level 8 in Maces & Flails
  3521 | D:4      | Found a glowing drain.
  3528 | Sewer    | Entered a sewer
  4058 | D:5      | Entered Level 5 of the Dungeon
  4076 | D:5      | Reached * piety under Nemelex Xobeh
  4186 | D:5      | Reached skill level 9 in Maces & Flails
  4186 | D:5      | Reached XP level 8. HP: 23/46 MP: 8/8
  5053 | D:6      | Reached skill level 10 in Maces & Flails
  5319 | D:6      | Received a gift from Nemelex Xobeh
  5433 | D:6      | Found a radiant altar of Vehumet.
  5581 | D:6      | Reached skill level 11 in Maces & Flails
  5651 | D:7      | Reached ** piety under Nemelex Xobeh
  5667 | D:7      | Reached XP level 9. HP: 40/51 MP: 6/9
  5701 | D:7      | Got a slimy steel ring
  5703 | D:7      | Identified the ring "Ylitride" {rF+ Dex+4 Slay+3} (You
                  | found it on level 7 of the Dungeon)
  5747 | D:7      | Received a gift from Nemelex Xobeh
  5857 | D:7      | Found a sand-covered staircase.
  5867 | Ossuary  | Entered an ossuary
  6312 | D:7      | Found a staircase to the Ecumenical Temple.
  6320 | D:7      | Reached skill level 12 in Maces & Flails
  6646 | D:8      | Found Joduthuf's Gadget Shop.
  6712 | D:8      | Received a gift from Nemelex Xobeh
  6739 | D:8      | Found Imuf Eti's Armour Shoppe.
  6750 | D:8      | Found a staircase to the Lair.
  6892 | D:8      | Found Buylothe's Food Emporium.
  7039 | D:8      | Reached *** piety under Nemelex Xobeh
  7141 | Lair:1   | Entered Level 1 of the Lair of Beasts
  7165 | Lair:1   | Noticed a spiny frog
  7174 | Lair:1   | Killed a spiny frog
  7174 | Lair:1   | Reached skill level 13 in Maces & Flails
  7626 | Lair:1   | Reached XP level 10. HP: 56/56 MP: 10/10
  7639 | Lair:1   | Noticed a spiny frog
  7646 | Lair:1   | Killed a spiny frog
  7926 | Lair:1   | Noticed a spiny frog
  7938 | Lair:1   | Killed a spiny frog
  7938 | Lair:1   | Reached skill level 14 in Maces & Flails
  8181 | Lair:1   | Received a gift from Nemelex Xobeh
  8530 | Lair:2   | Noticed Sonja
  8534 | Lair:2   | Noticed Sonja
  8534 | Lair:2   | Sonja changed into Sonja the big kobold
  8541 | Lair:2   | Killed Sonja the big kobold
  8587 | Lair:2   | Noticed Gastronok
  8600 | Lair:2   | Killed Gastronok
  8710 | Lair:2   | Noticed a black mamba
  8727 | Lair:2   | Killed a black mamba
  8727 | Lair:2   | Reached skill level 15 in Maces & Flails
  8835 | Lair:2   | Noticed a spiny frog
  8836 | Lair:2   | Received a gift from Nemelex Xobeh
  8840 | Lair:2   | Killed a spiny frog
  8903 | Lair:2   | Noticed a spiny frog
  8907 | Lair:2   | Killed a spiny frog
  8919 | Lair:2   | Reached XP level 11. HP: 60/60 MP: 11/11
  8922 | Lair:2   | Reached **** piety under Nemelex Xobeh
  9343 | Lair:2   | Found a staircase to the Swamp.
  9360 | Lair:2   | Slain by a bog body

Levels and vault maps discovered:
D:1:      minmay_arrival_nine_rooms, layout_basic
D:2:      layout_loops_ring, nicolae_overflow_crystal_walls, dk_vineyard_2,
          uniq_robin, uniq_sigmund
D:3:      kb_forest_paths, layout_basic,
          chequers_temple_overflow_statue_of_worship, first_ration, uniq_purgy
D:4:      layout_gridville, portal_sewer_entry_e
D:5:      layout_loops_ring, nicolae_overflow_hidden_temple
D:6:      layout_rooms, lemuel_crystal_altar
D:7:      layout_rooms, minmay_temple_entry_antechambers,
          nicolae_ossuary_entry_giza, minmay_misc_feat_square, the_bakery,
          lemuel_statue_altar
D:8:      layout_rooms, lair_entry_dummy, serial_shops, shop, shop,
          kennysheep_mini_moat
D:9:      layout_stronghold, kennysheep_generic_room_9
Lair:1:   layout_cave_pods, grunt_megastairs_1
Lair:2:   layout_regular_city, skrybe_swamp_entry_bodies, uniq_sonja,
          uniq_gastronok

Skill      XL: |  1  2  3  4  5  6  7  8  9 10 |
---------------+-------------------------------+-----
Maces & Flails | 3 4 6 7 9 11 13 15 | 15.9
Fighting       | |  3.2
Armour         | |  3.2
Shields        | |  3.2

Action                   |  1- 3 |  4- 6 |  7- 9 | 10-12 || total
-------------------------+-------+-------+-------+-------++-------
Melee: Flail             |   118 |   205 |   418 |   109 ||   850
 Abil: Draw Summoning    |       |     1 |       |     2 ||     3
       Draw Escape       |       |     1 |       |     1 ||     2
       Draw Destruction  |       |       |     1 |     6 ||     7
  Use: Potion            |       |     2 |     1 |     3 ||     6
       Scroll            |       |     3 |    13 |     4 ||    20
 Stab: Sleeping          |       |       |     1 |       ||     1
  Eat: Chunk             |       |     6 |    27 |     8 ||    41
Armor: Scale mail        |    53 |   107 |     9 |       ||   169
       Leather armour    |       |       |   141 |    22 ||   163
Dodge: Dodged            |    37 |    73 |   122 |    27 ||   259
Block: Shield            |    71 |   141 |   183 |    45 ||   440
